 Dungeon Crawl Stone Soup version 0.29.1-1-gd02db6906a (webtiles) character file.

Game seed: 1196552426109831585

200 112233 the Gusty (level 5, -6/31 HPs)
             Began as an Octopode Air Elementalist on Oct 11, 2022.
             Mangled by a lemure (8 damage)
             ... led by Pikel
             ... on level 3 of the Dungeon.
             The game lasted 00:03:25 (4098 turns).

112233 the Gusty (Octopode Air Elementalist)        Turns: 4098, Time: 00:03:25

Health: -6/31      AC:  1    Str:  4 (7)  XL:     5   Next: 79%
Magic:  7/8        EV: 13    Int: 18 (19) God:
Gold:   66         SH:  0    Dex: 16 (19) Spells: 2/8 levels left

rFire   . . .      SeeInvis .   j - +1 quarterstaff
rCold   . . .      Faith    .   (shield currently unavailable)
rNeg    . . .      Spirit   .   (helmet restricted)
rPois   .          Reflect  .   (no amulet)
rElec   .          Harm     .   k - +6 ring of dexterity
rCorr   .          Rampage  .   (no ring)
Will    .....                   (no ring)
Stlth   +++.......              (no ring)
HPRegen 0.10/turn               (no ring)
MPRegen 0.11/turn               (no ring)
                                (no ring)
                                (no ring)

@: flying
A: almost no armour, amphibious, 8 rings, camouflage 1, gelatinous body 1,
(nimble swimmer 1), tentacles
a: no special abilities


You were on level 3 of the Dungeon.
You visited 1 branch of the dungeon, and saw 4 of its levels.

You collected 66 gold pieces.

Inventory:

Hand Weapons
 c - a +0 club
 j - a +1 quarterstaff (weapon)
 v - a +1 dagger of venom
Jewellery
 k - a +6 ring of dexterity (left tentacle)
 s - a ring of see invisible
 x - a ring of wizardry
Wands
 p - a wand of iceblast (8)
Scrolls
 d - 3 scrolls of identify
Potions
 a - a potion of magic
 b - a potion of resistance
 f - a potion of cancellation
 h - a potion of attraction {unknown}
 m - a potion of flight
 q - a potion of might {unknown}
 r - a potion of heal wounds {unknown}
 u - a potion of haste {unknown}


   Skills:
 - Level 2.0 Dodging
 - Level 2.6 Stealth
 - Level 2.0 Spellcasting
 - Level 1.0 Conjurations
 + Level 6.3 Air Magic


You had 2 spell levels left.
You knew the following spells:

 Your Spells              Type           Power      Damage    Failure   Level
a - Shock                 Conj/Air       56%        1d6       4%          1
b - Static Discharge      Conj/Air       14%        3-5/arc   6%          2
c - Swiftness             Air            24%        N/A       4%          3

Your spell library contained the following spells:

 Spells                   Type           Power      Damage    Failure   Level
 Poisonous Vapours        Pois/Air       26%        N/A       8%          2
 Magic Dart               Conj           20%        1d4       12%         1
 Call Imp                 Summ           1%         N/A       26%         2
 Airstrike                Air            12%        2d(2-18)  14%         4
 Mephitic Cloud           Conj/Pois/Air  10%        N/A       21%         3
 Stone Arrow              Conj/Erth      6%         3d7       41%         3
 Corpse Rot               Necr/Pois/Air  9%         N/A       58%         4
 Dispersal                Tloc           0%         N/A       100%        6
 Disjunction              Tloc           0%         N/A       100%        8
 Lehudib's Crystal Spear  Conj/Erth      1%         10d2      100%        8
 Animate Armour           Summ/Erth      Unusable   N/A       N/A         4

Dungeon Overview and Level Annotations

Branches:
Dungeon (4/15)
 Temple: D:4-7

Altars:
Elyvilon
Hepliaklqana
Trog
Wu Jian
Xom
Yredelemnul

Shops:
D:3 *

Annotations:
D:3 3 runed translucent doors, rubinsalamander's ghost, amateur GnWn


Innate Abilities, Weirdness & Mutations

You cannot wear most types of armour.
You are amphibious.
You can wear up to eight rings at the same time.
Your skin changes colour to match your surroundings (Stealth+).
Your rubbery body absorbs attacks. (AC +1, EV +1)
((You are camouflaged when in or above water. (Stealth+)))
You have tentacles for arms and can constrict up to eight enemies at once.


Message History

The lemure hits you!
* * * LOW HITPOINT WARNING * * *
Unknown command.
As you read the scroll labelled AGOYVI OCLI, it crumbles to dust.
A profound silence engulfs you.
It was a scroll of silence.
The lemure closely misses you.
Unknown command.
Magic scrolls do not work when you're silenced!
Unknown command.
It was a potion of cancellation.
Your magical effects are unravelling.
You feel magically purged.
Your hearing returns.
You feel your willpower return. The lemure barely misses you.
Unknown command.
It was a potion of flight.
You feel very buoyant.
You fly up into the air.
The lemure hits you.
* * * LOW HITPOINT WARNING * * *
Unknown command.
Okay, then.
As you read the scroll labelled GAEXOO MAOTA, it crumbles to dust.
The creatures around you are filled with an inner flame!
It was a scroll of immolation.
The lemure misses you.
Unknown command.
The air fills with toxic fumes!
As you read the scroll labelled WAUWUC NECZALLUCH, it crumbles to dust.
It was a scroll of poison.
The lemure hits you but does no damage.
Unknown command.
As you read the scroll labelled PIP TINNAONIN, it crumbles to dust.
It is a scroll of identify.
b - a potion of resistance The lemure closely misses you.
Unknown command.
Unknown command.
It was a potion of degeneration.
There was something very wrong with that liquid.
You feel weakened.
You feel dopey.
You feel clumsy. The lemure hits you!
You die...

###.#.)#...#.# #.#..........#
## .#...#...#.#.#
#§#.§§§§.....# #.
...#...#.....# #§#§§§§......#
### .#...#...#.#.#
#§#§§§.......# #..
###.#..#...#.###§#§§........#
#.#
####.#.#.#...§§§§.........###.#
####))#####g§...........)..#
#### #5########..).#### #@#
#....### #§# #......##
#§########........
#§§......'......##
##########......# #......#
#......# #......# ########


You could see a lemure (inner flame, weak-willed) and a hobgoblin (inner flame,
weak-willed).

Vanquished Creatures
  A hound (D:3)
  An orc wizard (D:3)
  2 adders (D:3)
  2 gnolls (D:3)
  A white imp (D:3)
  An adder zombie (D:3)
  2 dart slugs
  6 orcs (D:3)
  7 ball pythons
  9 bats
  7 endoplasms
  4 giant cockroaches
  9 goblins
  5 hobgoblins
  9 jackals
  2 quokkas (D:2)
  5 frilled lizards
  A giant cockroach zombie (D:3)
  6 kobolds
  6 rats
86 creatures vanquished.

Notes
Turn   | Place    | Note
-------+----------+-------------------------------------------
     0 | D:1      | 112233 the Octopode Air Elementalist began the quest for
                  | the Orb.
     0 | D:1      | Reached XP level 1. HP: 11/11 MP: 3/3
   220 | D:1      | Reached XP level 2. HP: 17/17 MP: 0/5
   312 | D:1      | Learned a level 2 spell: Static Discharge
   365 | D:1      | Found a faded altar of an unknown god.
   716 | D:1      | Reached skill level 4 in Air Magic
   928 | D:1      | Reached XP level 3. HP: 21/21 MP: 4/6
  2206 | D:3      | Found a runed translucent gate.
  2206 | D:3      | Found a runed translucent gate.
  2206 | D:3      | Found a runed translucent gate.
  2206 | D:3      | Noticed rubinsalamander's ghost (amateur GnWn)
  2214 | D:3      | Learned a level 3 spell: Swiftness
  2215 | D:3      | Reached XP level 4. HP: 27/27 MP: 5/7
  2255 | D:3      | Found a basalt altar of Yredelemnul.
  2380 | D:3      | Reached skill level 5 in Air Magic
  2403 | D:4      | Noticed a lemure
  2651 | D:3      | Found Dyuluzo's General Store.
  2682 | D:3      | Reached XP level 5. HP: 12/31 MP: 0/8
  3184 | D:3      | Found a shimmering altar of Xom.
  3292 | D:3      | Reached skill level 6 in Air Magic
  3912 | D:3      | Found a white marble altar of Elyvilon.
  3913 | D:3      | Found an ornate altar of the Wu Jian Council.
  3914 | D:3      | Found a bloodstained altar of Trog.
  3916 | D:3      | Found a hazy altar of Hepliaklqana.
  4098 | D:3      | Mangled by a lemure

Illustrated notes

Levels and vault maps discovered:
D:1:      sevenhm_arrival_forest_fort_small_3, layout_loops_ring,
          basic_ecumenical_altar, minmay_close_crescents
D:2:      layout_rooms, serial_glass, glass_columns_c, glass_columns_a
D:3:      minmay_spotlight, layout_basic, nicolae_yredelemnul_ghost_church,
          mainiacjoe_overflow_surrounded_room,
          chequers_temple_overflow_statue_of_worship, serial_shops,
          nicolae_shop_competitors_out_of_business
D:4:      layout_rooms, overflow_temple_1_default, corexii_checkpoint_b,
          uniq_pikel, uniq_duvessa

Skill      XL: |  1  2  3  4  5 |
---------------+----------------+-----
Air Magic      | 4 5 6 |  6.3
Dodging        | |  2.0
Stealth        | |  2.6
Spellcasting   | |  2.0
Conjurations   | |  1.0

Action                   |  1- 3 |  4- 6 || total
-------------------------+-------+-------++-------
Melee: Unarmed           |     5 |       ||     5
       Constrict         |    10 |     8 ||    18
       Club              |     9 |       ||     9
       Tentacles         |     4 |     5 ||     9
       Quarterstaff      |    10 |    23 ||    33
       Punch             |       |     1 ||     1
 Cast: Shock             |    70 |    75 ||   145
       Static Discharge  |       |     4 ||     4
  Use: Scroll            |       |     7 ||     7
       Potion            |       |     5 ||     5
 Stab: Sleeping          |     1 |     1 ||     2
Armor: Skin              |     2 |     6 ||     8
Dodge: Dodged            |    26 |    28 ||    54
